Penguins vs Predators

Created - February 3, 2017 at 17:42

Goals
1 2 3 T
Penguins 1 0 2 3
Predators 2 1 1 4
Shots
1 2 3 T
Penguins 11 2 13 26
Predators 9 13 9 31

1st period

1. Predators , T.J. Oshie 19 (Nicklas Backstrom) at 1:20
2. Predators , Vincent Trocheck 20 (Oscar Klefbom, Kevin Hayes) at 4:17
3. Penguins , Jakub Voracek 10 (Ryan Suter, Brandon Saad) at 19:36 (PP)

Penalties :
Vincent Trocheck (NSH) for Holding (Minor) at 6:25, Xavier Ouellet (PIT) for Holding (Minor) at 6:25, Klas Dahlbeck (NSH) for Hooking (Minor) at 17:51

2nd period

4. Predators , Nicklas Backstrom 11 (T.J. Oshie) at 6:22

Penalties :
Nathan MacKinnon (PIT) for Hooking (Minor) at 18:42

3rd period

5. Predators , Kevin Hayes 12 (John Moore, Roman Josi) at 9:38
6. Penguins , Phil Kessel 19 (Alexander Wennberg) at 15:27
7. Penguins , Nathan MacKinnon 21 (Phil Kessel, Alexander Wennberg) at 15:37

Penalties :
No Penalty

Goalie Stats

Connor Hellebuyck (PIT), 27 saves from 31 shots - (0.871), L, 11-10-0, 59:14 minutes
Pekka Rinne (NSH), 23 saves from 26 shots - (0.885), W, 16-12-3, 60:00 minutes

Players Stats for Penguins

Player Name              G  A  P  +/- PIM S  H  SB GA TA FO     MP     PP MP  PK MP  
------------------------------------------------------------------------------------
Alexander Wennberg       0  2  2   1  0   2  1  0  0  0  10/20  20:29   0:39   0:00 
Brandon Saad             0  1  1  -1  0   4  2  0  0  0  3/3    18:29   1:06   0:00 
David Perron             0  0  0  -1  0   0  0  0  0  0  1/1    11:24   0:00   0:00 
David Savard             0  0  0  -1  0   1  0  2  0  0  0/0    23:03   0:39   0:24 
Dmitry Kulikov           0  0  0   1  0   0  1  1  0  0  0/0    16:25   0:39   1:21 
Jacob De La Rose         0  0  0  -1  0   1  1  0  0  0  2/2     7:43   0:00   0:16 
Jakub Voracek            1  0  1  -1  0   2  1  0  0  0  2/3    19:43   1:06   0:00 
Luke Glendening          0  0  0  -1  0   1  0  0  0  0  3/10   13:07   0:00   1:43 
Nathan MacKinnon         1  0  1   1  2   4  2  0  0  0  0/4    19:59   0:39   0:00 
Oliver Bjorkstrand       0  0  0  -1  0   1  0  0  0  0  0/0     6:54   0:00   0:00 
Pavel Zacha              0  0  0  -1  0   1  0  0  0  0  3/10    7:10   0:00   0:16 
Phil Kessel              1  1  2   1  0   3  2  0  0  0  1/2    20:00   0:39   0:00 
Ryan Callahan            0  0  0  -1  0   3  1  1  0  0  0/0    13:07   0:00   1:43 
Ryan Suter               0  1  1  -2  0   0  1  1  0  0  0/0    22:59   1:06   0:38 
Victor Hedman            0  0  0  -2  0   1  2  0  0  0  0/0    23:42   1:06   1:21 
William Nylander         0  0  0  -1  0   2  1  0  0  0  11/17  17:56   1:06   0:00 
Willie Mitchell          0  0  0  -1  0   0  0  0  0  0  0/0    20:36   0:00   0:00 
Xavier Ouellet           0  0  0   1  2   0  0  0  0  0  0/0    13:14   0:00   0:14 

Players Stats for Predators

Player Name              G  A  P  +/- PIM S  H  SB GA TA FO     MP     PP MP  PK MP  
------------------------------------------------------------------------------------
Cody Franson             0  0  0   0  0   0  0  1  0  0  0/0    15:50   0:45   0:00 
Derick Brassard          0  0  0   0  0   1  0  0  0  0  7/16   14:51   0:00   0:00 
J.T. Miller              0  0  0   0  0   0  0  0  0  0  5/6     5:08   0:00   0:00 
Jaden Schwartz           0  0  0   0  0   0  0  0  0  0  1/3    18:21   0:32   1:35 
John Moore               0  1  1   1  0   0  0  1  0  0  0/0    19:45   0:00   0:20 
Jordie Benn              0  0  0   0  0   0  0  0  0  0  0/0     2:10   0:00   0:36 
Kevin Hayes              1  1  2   2  0   1  1  0  0  0  0/0    14:07   0:00   0:00 
Klas Dahlbeck            0  0  0   0  2   1  0  2  0  0  0/0    16:02   0:00   0:00 
Max Pacioretty           0  0  0   0  0   0  1  0  0  0  0/1    20:46   0:32   0:00 
Nicklas Backstrom        1  1  2   0  0   4  0  1  0  0  10/23  22:14   1:27   0:00 
Oscar Klefbom            0  1  1   1  0   1  0  0  0  0  0/0    19:42   1:14   0:00 
Phillip Di Giuseppe      0  0  0   0  0   0  0  0  0  0  0/0     5:08   0:00   0:00 
Roman Josi               0  1  1   1  0   3  1  3  0  0  0/0    23:03   0:45   1:09 
Steven Stamkos           0  0  0   0  0   6  1  0  0  0  0/0    22:37   0:32   0:10 
T.J. Oshie               1  1  2   0  0   7  3  0  0  0  2/5    23:13   1:27   1:35 
Vincent Trocheck         1  0  1   2  2   5  4  0  0  0  10/16  15:43   1:27   0:10 
Vladislav Namestnikov    0  0  0   2  0   2  0  0  0  0  1/2    14:07   0:00   0:00 
Zach Bogosian            0  0  0   1  0   0  1  2  0  0  0/0    23:27   1:14   1:25 

3 Stars

1 - Kevin Hayes (NSH)
2 - Phil Kessel (PIT)
3 - T.J. Oshie (NSH)

Power Play

Penguins - 1 on 1 Attempt(s) - 100.00%
Predators - 0 on 1 Attempt(s) - 0.00%

Penalty Kill

Penguins - 1 on 1 Attempt(s) - 100.00% - Score 0 goal in Penalty Kill
Predators - 0 on 1 Attempt(s) - 0.00% - Score 0 goal in Penalty Kill

Team Stat

Penguins - Hits : 15 - Faceoff Wins : 36 - Blocked Shots : 5 - Penalty Minutes : 4
Predators - Hits : 12 - Faceoff Wins : 36 - Blocked Shots : 10 - Penalty Minutes : 4

Official

Referees : Gord Dwyer and Dave Lewis
Linesman : Vaughan Rody and Shane Heyer

Game Notes

No Game Note

Finance

Level 1 -- Attendance: 4840 (74.46%) -- Ticket Income $580,800
Level 2 -- Attendance: 4708 (94.16%) -- Ticket Income $376,640
Level 3 -- Attendance: 3291 (94.03%) -- Ticket Income $164,550
Level 4 -- Attendance: 1113 (100.00%) -- Ticket Income $46,746
Luxury Box -- Attendance: 978 (97.80%) -- Ticket Income $180,930
Game was played at the Bridgestone Arena.
Total Attendance: 14930 (87.24%)
Total Ticket Income: $1,349,666
Other Income: $202,450
Total Income: $1,552,116

% Time on Ice - Penguins

Lines # - Real PCT - Wanted PCT - Time Play
Normal Forward
1 - 35% - 33% - 18:36
2 - 31% - 33% - 16:50
3 - 21% - 23% - 11:24
4 - 13% - 11% - 6:54
Normal Defense
1 - 37% - 40% - 20:07
2 - 38% - 35% - 20:36
3 - 24% - 25% - 13:01
4 - 0% - 0% - 0:00
PP Forward
1 - 37% - 60% - 0:39
2 - 63% - 40% - 1:06
PP Defense
1 - 63% - 60% - 1:06
2 - 37% - 40% - 0:39
PK Forward
1 - 87% - 60% - 1:43
2 - 13% - 40% - 0:16
PK Defense
1 - 68% - 60% - 1:21
2 - 32% - 40% - 0:38
PK3 Forward
1 - 0% - 60%
2 - 0% - 40%
PK3 Defense
1 - 0% - 60%
2 - 0% - 40%
44 Forward
1 - 38% - 60% - 0:45
2 - 62% - 40% - 1:14
44 Defense
1 - 29% - 60% - 0:35
2 - 71% - 40% - 1:24
Last Minute Offensive  - 0:33
Last Minute Defensive  - 0:00
Total
Forward - 60:00
Defense - 60:00

% Time on Ice - Predators

Lines # - Real PCT - Wanted PCT - Time Play
Normal Forward
1 - 37% - 40% - 19:38
2 - 28% - 30% - 14:51
3 - 26% - 20% - 14:07
4 - 10% - 10% - 5:08
Normal Defense
1 - 36% - 40% - 19:25
2 - 33% - 35% - 17:30
3 - 28% - 15% - 15:05
4 - 3% - 10% - 1:44
PP Forward
1 - 73% - 60% - 1:27
2 - 27% - 40% - 0:32
PP Defense
1 - 62% - 60% - 1:14
2 - 38% - 40% - 0:45
PK Forward
1 - 90% - 60% - 1:35
2 - 10% - 40% - 0:10
PK Defense
1 - 34% - 60% - 0:36
2 - 66% - 40% - 1:09
PK3 Forward
1 - 0% - 60%
2 - 0% - 40%
PK3 Defense
1 - 0% - 60%
2 - 0% - 40%
44 Forward
1 - 70% - 60% - 1:23
2 - 30% - 40% - 0:36
44 Defense
1 - 51% - 60% - 1:01
2 - 49% - 40% - 0:58
Last Minute Offensive  - 0:00
Last Minute Defensive  - 0:33
Total
Forward - 60:00
Defense - 60:00

Play by Play

1st period


0:01 of 1st period - Alexander Wennberg wins face-off versus Nicklas Backstrom in neutral zone.
0:10 of 1st period - Shot by Nathan MacKinnon.
0:10 of 1st period - Stopped by Pekka Rinne without a rebound.
0:11 of 1st period - Derick Brassard wins face-off versus William Nylander in Predators zone.
0:11 of 1st period - Derick Brassard is hit by Jakub Voracek.
1:09 of 1st period - Shot by David Perron.
1:09 of 1st period - Shot Blocked by Zach Bogosian.
1:11 of 1st period - Shot by Ryan Callahan.
1:11 of 1st period - Stopped by Pekka Rinne without a rebound.
1:12 of 1st period - Nicklas Backstrom wins face-off versus Alexander Wennberg in Predators zone.
1:12 of 1st period - Nicklas Backstrom is hit by Phil Kessel.
1:20 of 1st period - Shot by T.J. Oshie.
1:20 of 1st period - Goal by T.J. Oshie - Penguins : 0 - Predators : 1.
1:21 of 1st period - Vladislav Namestnikov wins face-off versus Pavel Zacha in neutral zone.
1:30 of 1st period - Shot by Vincent Trocheck.
1:30 of 1st period - Shot Misses the Net.
1:32 of 1st period - Shot by John Moore.
1:32 of 1st period - Shot Misses the Net.
1:41 of 1st period - Icing by Ryan Suter.
1:42 of 1st period - Nicklas Backstrom wins face-off versus Pavel Zacha in Penguins zone.
1:43 of 1st period - Shot by T.J. Oshie.
1:43 of 1st period - Stopped by Connor Hellebuyck without a rebound.
1:44 of 1st period - Phil Kessel wins face-off versus Nicklas Backstrom in Penguins zone.
2:19 of 1st period - Shot by Max Pacioretty.
2:19 of 1st period - Shot Blocked by Dmitry Kulikov.
2:29 of 1st period - Klas Dahlbeck is hit by Alexander Wennberg and loses puck.
3:22 of 1st period - Icing by Steven Stamkos.
3:23 of 1st period - William Nylander wins face-off versus J.T. Miller in Predators zone.
3:45 of 1st period - Shot by Brandon Saad.
3:45 of 1st period - Stopped by Pekka Rinne without a rebound.
3:46 of 1st period - Vincent Trocheck wins face-off versus Pavel Zacha in Predators zone.
4:08 of 1st period - Xavier Ouellet is hit by Vincent Trocheck and loses puck.
4:15 of 1st period - Shot by Kevin Hayes.
4:15 of 1st period - Shot Misses the Net.
4:17 of 1st period - Shot by Oscar Klefbom.
4:17 of 1st period - Deflect By Vincent Trocheck.
4:17 of 1st period - Goal by Vincent Trocheck - Penguins : 0 - Predators : 2.
4:18 of 1st period - Alexander Wennberg wins face-off versus Derick Brassard in neutral zone.
4:55 of 1st period - Icing by Roman Josi.
4:56 of 1st period - Brandon Saad wins face-off versus Derick Brassard in Predators zone.
5:26 of 1st period - Max Pacioretty is hit by Brandon Saad and loses puck.
6:01 of 1st period - Shot by Max Pacioretty.
6:01 of 1st period - Deflect By Nicklas Backstrom.
6:01 of 1st period - Stopped by Connor Hellebuyck with a rebound.
6:13 of 1st period - Dmitry Kulikov is hit by Vincent Trocheck and loses puck.
6:25 of 1st period - Minor Penalty to Vincent Trocheck for Holding.
6:25 of 1st period - Minor Penalty to Xavier Ouellet for Holding.
6:26 of 1st period - Jaden Schwartz wins face-off versus Nathan MacKinnon in Penguins zone.
6:54 of 1st period - Shot by Phil Kessel.
6:54 of 1st period - Shot Misses the Net.
7:00 of 1st period - Shot by Phil Kessel.
7:00 of 1st period - Stopped by Pekka Rinne without a rebound.
7:01 of 1st period - Nicklas Backstrom wins face-off versus Nathan MacKinnon in Predators zone.
7:10 of 1st period - Shot by Nicklas Backstrom.
7:10 of 1st period - Stopped by Connor Hellebuyck without a rebound.
7:11 of 1st period - Alexander Wennberg wins face-off versus Jaden Schwartz in Penguins zone.
7:27 of 1st period - Shot by Jakub Voracek.
7:27 of 1st period - Stopped by Pekka Rinne with a rebound.
8:28 of 1st period - Shot by Vincent Trocheck.
8:28 of 1st period - Shot Misses the Net.
9:08 of 1st period - Shot by Ryan Callahan.
9:08 of 1st period - Stopped by Pekka Rinne without a rebound.
9:09 of 1st period - Pavel Zacha wins face-off versus Nicklas Backstrom in Predators zone.
9:44 of 1st period - Shot by Max Pacioretty.
9:44 of 1st period - Shot Misses the Net.
9:46 of 1st period - Shot by T.J. Oshie.
9:46 of 1st period - Stopped by Connor Hellebuyck without a rebound.
9:47 of 1st period - Jakub Voracek wins face-off versus Derick Brassard in Penguins zone.
9:56 of 1st period - Icing by Jaden Schwartz.
9:57 of 1st period - Derick Brassard wins face-off versus Alexander Wennberg in Predators zone.
11:11 of 1st period - Shot by T.J. Oshie.
11:11 of 1st period - Stopped by Connor Hellebuyck without a rebound.
11:12 of 1st period - Vincent Trocheck wins face-off versus Luke Glendening in Penguins zone.
11:27 of 1st period - Shot by Ryan Callahan.
11:27 of 1st period - Shot Misses the Net.
11:43 of 1st period - Shot by Kevin Hayes.
11:43 of 1st period - Shot Misses the Net.
12:51 of 1st period - Roman Josi is hit by William Nylander and loses puck.
13:04 of 1st period - Shot by Phil Kessel.
13:04 of 1st period - Deflect By Nathan MacKinnon.
13:04 of 1st period - Shot Blocked by Roman Josi.
13:39 of 1st period - Zach Bogosian is hit by Nathan MacKinnon and loses puck.
14:20 of 1st period - Off-side.
14:21 of 1st period - Vincent Trocheck wins face-off versus Luke Glendening in neutral zone.
14:37 of 1st period - Shot by David Perron.
14:37 of 1st period - Shot Misses the Net.
14:58 of 1st period - Shot by David Perron.
14:58 of 1st period - Shot Blocked by Cody Franson.
15:52 of 1st period - Shot by William Nylander.
15:52 of 1st period - Stopped by Pekka Rinne without a rebound.
15:53 of 1st period - J.T. Miller wins face-off versus Pavel Zacha in Predators zone.
16:26 of 1st period - Shot by Pavel Zacha.
16:26 of 1st period - Stopped by Pekka Rinne with a rebound.
17:10 of 1st period - Willie Mitchell is hit by T.J. Oshie and loses puck.
17:23 of 1st period - T.J. Oshie is hit by Phil Kessel.
17:31 of 1st period - Shot by T.J. Oshie.
17:31 of 1st period - Stopped by Connor Hellebuyck without a rebound.
17:32 of 1st period - William Nylander wins face-off versus Vincent Trocheck in Penguins zone.
17:32 of 1st period - William Nylander is hit by Kevin Hayes.
17:51 of 1st period - Minor Penalty to Klas Dahlbeck for Hooking.
17:52 of 1st period - William Nylander wins face-off versus T.J. Oshie in Predators zone.
18:03 of 1st period - Shot by Ryan Suter.
18:03 of 1st period - Shot Blocked by Roman Josi.
18:05 of 1st period - Shot by Ryan Suter.
18:05 of 1st period - Shot Blocked by Zach Bogosian.
18:07 of 1st period - Shot by Victor Hedman.
18:07 of 1st period - Shot Misses the Net.
18:19 of 1st period - Shot by Ryan Suter.
18:19 of 1st period - Shot Misses the Net.
18:21 of 1st period - Shot by Victor Hedman.
18:21 of 1st period - Stopped by Pekka Rinne without a rebound.
18:22 of 1st period - Alexander Wennberg wins face-off versus T.J. Oshie in Predators zone.
18:31 of 1st period - Shot by Nathan MacKinnon.
18:31 of 1st period - Stopped by Pekka Rinne without a rebound.
18:32 of 1st period - T.J. Oshie wins face-off versus Alexander Wennberg in Predators zone.
19:00 of 1st period - Shot by Steven Stamkos.
19:00 of 1st period - Stopped by Connor Hellebuyck without a rebound.
19:01 of 1st period - William Nylander wins face-off versus T.J. Oshie in Penguins zone.
19:12 of 1st period - Shot by Jakub Voracek.
19:12 of 1st period - Shot Misses the Net.
19:14 of 1st period - Shot by Victor Hedman.
19:14 of 1st period - Shot Misses the Net.
19:36 of 1st period - Shot by Jakub Voracek.
19:36 of 1st period - Goal by Jakub Voracek - Penguins : 1 - Predators : 2.
19:37 of 1st period - J.T. Miller wins face-off versus Nathan MacKinnon in neutral zone.
19:40 of 1st period - Shot by Steven Stamkos.
19:40 of 1st period - Shot Blocked by David Savard.
Goals for this period are 1 for Penguins vs 2 for Predators.
Shots for this period are 11 for Penguins vs 9 for Predators.

2nd period


0:01 of 2nd period - Nicklas Backstrom wins face-off versus William Nylander in neutral zone.
0:27 of 2nd period - Shot by Roman Josi.
0:27 of 2nd period - Stopped by Connor Hellebuyck without a rebound.
0:28 of 2nd period - Alexander Wennberg wins face-off versus Derick Brassard in Penguins zone.
1:45 of 2nd period - Shot by T.J. Oshie.
1:45 of 2nd period - Shot Misses the Net.
2:01 of 2nd period - William Nylander is hit by T.J. Oshie.
3:19 of 2nd period - Icing by Pavel Zacha.
3:20 of 2nd period - Derick Brassard wins face-off versus Pavel Zacha in Penguins zone.
4:37 of 2nd period - Shot by Jakub Voracek.
4:37 of 2nd period - Shot Misses the Net.
4:43 of 2nd period - Shot by Brandon Saad.
4:43 of 2nd period - Stopped by Pekka Rinne without a rebound.
4:44 of 2nd period - Vincent Trocheck wins face-off versus Phil Kessel in Predators zone.
4:51 of 2nd period - Shot by Vladislav Namestnikov.
4:51 of 2nd period - Stopped by Connor Hellebuyck with a rebound.
5:35 of 2nd period - Vladislav Namestnikov is hit by Victor Hedman and loses puck.
5:48 of 2nd period - Icing by Zach Bogosian.
5:49 of 2nd period - William Nylander wins face-off versus Derick Brassard in Predators zone.
6:14 of 2nd period - Shot by Steven Stamkos.
6:14 of 2nd period - Stopped by Connor Hellebuyck without a rebound.
6:15 of 2nd period - T.J. Oshie wins face-off versus Luke Glendening in Penguins zone.
6:20 of 2nd period - Shot by T.J. Oshie.
6:20 of 2nd period - Stopped by Connor Hellebuyck with a rebound.
6:22 of 2nd period - Shot by Nicklas Backstrom.
6:22 of 2nd period - Goal by Nicklas Backstrom - Penguins : 1 - Predators : 3.
6:23 of 2nd period - Nicklas Backstrom wins face-off versus Alexander Wennberg in neutral zone.
6:36 of 2nd period - Shot by Phil Kessel.
6:36 of 2nd period - Shot Misses the Net.
7:06 of 2nd period - Shot by Nicklas Backstrom.
7:06 of 2nd period - Shot Misses the Net.
7:11 of 2nd period - Phil Kessel is hit by Roman Josi and loses puck.
7:24 of 2nd period - Icing by T.J. Oshie.
7:25 of 2nd period - Nicklas Backstrom wins face-off versus William Nylander in Predators zone.
7:42 of 2nd period - William Nylander is hit by T.J. Oshie and loses puck.
8:04 of 2nd period - Shot by William Nylander.
8:04 of 2nd period - Shot Blocked by Nicklas Backstrom.
8:49 of 2nd period - Shot by Luke Glendening.
8:49 of 2nd period - Shot Blocked by John Moore.
10:03 of 2nd period - Shot by Derick Brassard.
10:03 of 2nd period - Stopped by Connor Hellebuyck without a rebound.
10:04 of 2nd period - Jacob De La Rose wins face-off versus Vincent Trocheck in Penguins zone.
10:09 of 2nd period - Vincent Trocheck is hit by Jacob De La Rose and loses puck.
10:38 of 2nd period - Shot by Jacob De La Rose.
10:38 of 2nd period - Stopped by Pekka Rinne without a rebound.
10:39 of 2nd period - J.T. Miller wins face-off versus William Nylander in Predators zone.
10:50 of 2nd period - Shot by J.T. Miller.
10:50 of 2nd period - Shot Blocked by Ryan Suter.
10:53 of 2nd period - Icing by Victor Hedman.
10:54 of 2nd period - William Nylander wins face-off versus Derick Brassard in Penguins zone.
11:21 of 2nd period - Shot by Steven Stamkos.
11:21 of 2nd period - Stopped by Connor Hellebuyck without a rebound.
11:22 of 2nd period - Vincent Trocheck wins face-off versus Alexander Wennberg in Penguins zone.
11:29 of 2nd period - Shot by Vincent Trocheck.
11:29 of 2nd period - Stopped by Connor Hellebuyck without a rebound.
11:30 of 2nd period - Alexander Wennberg wins face-off versus Vincent Trocheck in Penguins zone.
12:09 of 2nd period - Shot by Nathan MacKinnon.
12:09 of 2nd period - Deflect By Phil Kessel.
12:09 of 2nd period - Shot Hit the Post.
12:31 of 2nd period - Jaden Schwartz is hit by Nathan MacKinnon and loses puck.
13:20 of 2nd period - Icing by Ryan Suter.
13:21 of 2nd period - William Nylander wins face-off versus Nicklas Backstrom in Penguins zone.
13:32 of 2nd period - Shot by Roman Josi.
13:32 of 2nd period - Shot Misses the Net.
13:34 of 2nd period - Shot by Roman Josi.
13:34 of 2nd period - Stopped by Connor Hellebuyck with a rebound.
13:36 of 2nd period - Shot by Roman Josi.
13:36 of 2nd period - Stopped by Connor Hellebuyck without a rebound.
13:37 of 2nd period - David Perron wins face-off versus Vladislav Namestnikov in Penguins zone.
13:37 of 2nd period - David Perron is hit by Vincent Trocheck.
14:02 of 2nd period - Shot by Vincent Trocheck.
14:02 of 2nd period - Stopped by Connor Hellebuyck without a rebound.
14:03 of 2nd period - William Nylander wins face-off versus Nicklas Backstrom in Penguins zone.
15:01 of 2nd period - Icing by Roman Josi.
15:02 of 2nd period - Nicklas Backstrom wins face-off versus Luke Glendening in Predators zone.
15:38 of 2nd period - Shot by Luke Glendening.
15:38 of 2nd period - Shot Blocked by Roman Josi.
16:03 of 2nd period - Off-side.
16:04 of 2nd period - Derick Brassard wins face-off versus Pavel Zacha in neutral zone.
16:57 of 2nd period - Off-side.
16:58 of 2nd period - Vincent Trocheck wins face-off versus William Nylander in neutral zone.
17:01 of 2nd period - Shot by Vladislav Namestnikov.
17:01 of 2nd period - Stopped by Connor Hellebuyck without a rebound.
17:02 of 2nd period - Vincent Trocheck wins face-off versus Jakub Voracek in Penguins zone.
18:17 of 2nd period - Shot by Phillip Di Giuseppe.
18:17 of 2nd period - Shot Misses the Net.
18:42 of 2nd period - Minor Penalty to Nathan MacKinnon for Hooking.
18:43 of 2nd period - Vincent Trocheck wins face-off versus Luke Glendening in Penguins zone.
18:54 of 2nd period - Shot by Vincent Trocheck.
18:54 of 2nd period - Shot Blocked by Ryan Callahan.
19:47 of 2nd period - Shot by Steven Stamkos.
19:47 of 2nd period - Shot Misses the Net.
19:49 of 2nd period - Shot by Oscar Klefbom.
19:49 of 2nd period - Stopped by Connor Hellebuyck without a rebound.
19:50 of 2nd period - Luke Glendening wins face-off versus Max Pacioretty in Penguins zone.
Goals for this period are 0 for Penguins vs 1 for Predators.
Shots for this period are 2 for Penguins vs 13 for Predators.

3rd period


0:01 of 3rd period - Luke Glendening wins face-off versus Vincent Trocheck in neutral zone.
0:10 of 3rd period - Shot by Nicklas Backstrom.
0:10 of 3rd period - Stopped by Connor Hellebuyck with a rebound.
0:14 of 3rd period - Shot by Zach Bogosian.
0:14 of 3rd period - Shot Misses the Net.
1:25 of 3rd period - Shot by Nathan MacKinnon.
1:25 of 3rd period - Stopped by Pekka Rinne without a rebound.
1:26 of 3rd period - William Nylander wins face-off versus Vincent Trocheck in Predators zone.
1:33 of 3rd period - Shot by Brandon Saad.
1:33 of 3rd period - Shot Blocked by Klas Dahlbeck.
2:06 of 3rd period - Shot by Jakub Voracek.
2:06 of 3rd period - Shot Misses the Net.
2:58 of 3rd period - Shot by David Perron.
2:58 of 3rd period - Shot Misses the Net.
3:16 of 3rd period - Shot by Ryan Callahan.
3:16 of 3rd period - Stopped by Pekka Rinne without a rebound.
3:17 of 3rd period - Derick Brassard wins face-off versus Alexander Wennberg in Predators zone.
3:39 of 3rd period - Shot by Jaden Schwartz.
3:39 of 3rd period - Shot Misses the Net.
3:41 of 3rd period - Shot by Jaden Schwartz.
3:41 of 3rd period - Shot Misses the Net.
4:32 of 3rd period - Shot by Oliver Bjorkstrand.
4:32 of 3rd period - Shot Blocked by Klas Dahlbeck.
4:34 of 3rd period - Shot by Oliver Bjorkstrand.
4:34 of 3rd period - Stopped by Pekka Rinne without a rebound.
4:35 of 3rd period - Nicklas Backstrom wins face-off versus Luke Glendening in Predators zone.
5:08 of 3rd period - T.J. Oshie is hit by Dmitry Kulikov and loses puck.
5:18 of 3rd period - Icing by Zach Bogosian.
5:19 of 3rd period - Brandon Saad wins face-off versus Nicklas Backstrom in Predators zone.
5:30 of 3rd period - Off-side.
5:31 of 3rd period - Pavel Zacha wins face-off versus Derick Brassard in neutral zone.
5:31 of 3rd period - Victor Hedman is hit by Steven Stamkos and loses puck.
5:47 of 3rd period - Icing by Victor Hedman.
5:48 of 3rd period - Vincent Trocheck wins face-off versus Pavel Zacha in Penguins zone.
6:05 of 3rd period - Shot by Vincent Trocheck.
6:05 of 3rd period - Stopped by Connor Hellebuyck with a rebound.
6:21 of 3rd period - Shot by Vincent Trocheck.
6:21 of 3rd period - Stopped by Connor Hellebuyck without a rebound.
6:22 of 3rd period - Nicklas Backstrom wins face-off versus Nathan MacKinnon in Penguins zone.
6:51 of 3rd period - Shot by T.J. Oshie.
6:51 of 3rd period - Stopped by Connor Hellebuyck without a rebound.
6:52 of 3rd period - Brandon Saad wins face-off versus Derick Brassard in Penguins zone.
7:18 of 3rd period - Shot by William Nylander.
7:18 of 3rd period - Shot Misses the Net.
7:20 of 3rd period - Shot by David Savard.
7:20 of 3rd period - Stopped by Pekka Rinne without a rebound.
7:21 of 3rd period - Alexander Wennberg wins face-off versus Nicklas Backstrom in Predators zone.
7:26 of 3rd period - Shot by Nathan MacKinnon.
7:26 of 3rd period - Shot Misses the Net.
7:30 of 3rd period - Shot by Alexander Wennberg.
7:30 of 3rd period - Stopped by Pekka Rinne without a rebound.
7:31 of 3rd period - Luke Glendening wins face-off versus Nicklas Backstrom in Predators zone.
7:48 of 3rd period - Shot by Max Pacioretty.
7:48 of 3rd period - Shot Misses the Net.
7:55 of 3rd period - Nicklas Backstrom is hit by Ryan Suter and loses puck.
9:08 of 3rd period - Shot by Alexander Wennberg.
9:08 of 3rd period - Stopped by Pekka Rinne with a rebound.
9:10 of 3rd period - Shot by Phil Kessel.
9:10 of 3rd period - Stopped by Pekka Rinne with a rebound.
9:34 of 3rd period - Shot by Kevin Hayes.
9:34 of 3rd period - Shot Misses the Net.
9:38 of 3rd period - Shot by Kevin Hayes.
9:38 of 3rd period - Goal by Kevin Hayes - Penguins : 1 - Predators : 4.
9:39 of 3rd period - Pavel Zacha wins face-off versus Vincent Trocheck in neutral zone.
10:48 of 3rd period - Icing by John Moore.
10:49 of 3rd period - J.T. Miller wins face-off versus Alexander Wennberg in Predators zone.
10:51 of 3rd period - Icing by John Moore.
10:52 of 3rd period - J.T. Miller wins face-off versus Alexander Wennberg in Predators zone.
11:35 of 3rd period - Shot by Nicklas Backstrom.
11:35 of 3rd period - Shot Misses the Net.
11:37 of 3rd period - Shot by Klas Dahlbeck.
11:37 of 3rd period - Stopped by Connor Hellebuyck without a rebound.
11:38 of 3rd period - Jakub Voracek wins face-off versus Nicklas Backstrom in Penguins zone.
11:38 of 3rd period - Jakub Voracek is hit by Max Pacioretty.
11:43 of 3rd period - Icing by Brandon Saad.
11:44 of 3rd period - William Nylander wins face-off versus Nicklas Backstrom in Penguins zone.
12:03 of 3rd period - Shot by T.J. Oshie.
12:03 of 3rd period - Shot Misses the Net.
13:04 of 3rd period - Shot by Luke Glendening.
13:04 of 3rd period - Stopped by Pekka Rinne without a rebound.
13:05 of 3rd period - Alexander Wennberg wins face-off versus Jaden Schwartz in Predators zone.
13:36 of 3rd period - Shot by Jaden Schwartz.
13:36 of 3rd period - Deflect By Derick Brassard.
13:36 of 3rd period - Shot Misses the Net.
13:38 of 3rd period - Shot by Steven Stamkos.
13:38 of 3rd period - Stopped by Connor Hellebuyck with a rebound.
13:42 of 3rd period - Shot by Jaden Schwartz.
13:42 of 3rd period - Deflect By Steven Stamkos.
13:42 of 3rd period - Stopped by Connor Hellebuyck without a rebound.
13:43 of 3rd period - Vincent Trocheck wins face-off versus Luke Glendening in Penguins zone.
13:45 of 3rd period - Vladislav Namestnikov is hit by Victor Hedman and loses puck.
14:19 of 3rd period - Vincent Trocheck is hit by Ryan Callahan and loses puck.
14:34 of 3rd period - Ryan Callahan is hit by Vincent Trocheck and loses puck.
14:56 of 3rd period - Vincent Trocheck is hit by Brandon Saad.
15:19 of 3rd period - Shot by Jakub Voracek.
15:19 of 3rd period - Shot Misses the Net.
15:21 of 3rd period - Shot by Brandon Saad.
15:21 of 3rd period - Stopped by Pekka Rinne with a rebound.
15:23 of 3rd period - Shot by David Savard.
15:23 of 3rd period - Shot Misses the Net.
15:25 of 3rd period - Shot by William Nylander.
15:25 of 3rd period - Stopped by Pekka Rinne without a rebound.
15:26 of 3rd period - Alexander Wennberg wins face-off versus Nicklas Backstrom in Predators zone.
15:27 of 3rd period - Shot by Phil Kessel.
15:27 of 3rd period - Goal by Phil Kessel - Penguins : 2 - Predators : 4.
15:28 of 3rd period - Alexander Wennberg wins face-off versus Nicklas Backstrom in neutral zone.
15:35 of 3rd period - Shot by Phil Kessel.
15:35 of 3rd period - Shot Misses the Net.
15:37 of 3rd period - Shot by Nathan MacKinnon.
15:37 of 3rd period - Goal by Nathan MacKinnon - Penguins : 3 - Predators : 4.
15:38 of 3rd period - Derick Brassard wins face-off versus Alexander Wennberg in neutral zone.
16:02 of 3rd period - Icing by Oscar Klefbom.
16:03 of 3rd period - William Nylander wins face-off versus Derick Brassard in Predators zone.
16:22 of 3rd period - Shot by Steven Stamkos.
16:22 of 3rd period - Stopped by Connor Hellebuyck without a rebound.
16:23 of 3rd period - Nicklas Backstrom wins face-off versus Alexander Wennberg in Penguins zone.
17:00 of 3rd period - Shot by T.J. Oshie.
17:00 of 3rd period - Shot Misses the Net.
17:53 of 3rd period - Shot by Phillip Di Giuseppe.
17:53 of 3rd period - Shot Misses the Net.
18:11 of 3rd period - Shot by Vladislav Namestnikov.
18:11 of 3rd period - Shot Blocked by David Savard.
18:58 of 3rd period - Off-side.
18:59 of 3rd period - Derick Brassard wins face-off versus William Nylander in neutral zone.
19:14 of 3rd period - Penguins, Connor Hellebuyck is pulled from the net.
19:26 of 3rd period - Shot by Brandon Saad.
19:26 of 3rd period - Stopped by Pekka Rinne without a rebound.
19:27 of 3rd period - Jacob De La Rose wins face-off versus Nicklas Backstrom in Predators zone.
19:27 of 3rd period - Jacob De La Rose is hit by Zach Bogosian.
Goals for this period are 2 for Penguins vs 1 for Predators.
Shots for this period are 13 for Penguins vs 9 for Predators.